[Event "*** Titled Tuesday Blitz"]
[Site "Chess.com"]
[Date "2020.05.05"]
[Round "7"]
[White "mariangie523"]
[Black "AwesomeMango"]
[Result "0-1"]
[WhiteElo "2039"]
[BlackElo "2217"]
[TimeControl "180+1"]
[EndTime "11:17:05 PDT"]
[Termination "AwesomeMango won by resignation"]

1. e4 c5 2. Nf3 d6 3. d4 cxd4 4. Nxd4 Nf6 5. f3 e5 6. Nb3 Be6 7. c4 Nbd7 8. Nc3 Rc8 9. Nd5 b5 10. Nxf6+ Nxf6 11. cxb5 Nxe4 12. g3 Nf6 13. Bd3 d5 14.
O-O Qb6+ 15. Kg2 Be7 16. Qe2 e4 17. fxe4 dxe4 18. Bxe4 Nxe4 19. Qxe4 Rc4 20. Qf3 Rc2+ 21. Kh1 O-O 22. Bf4 Rd8 23. Rab1 Bd5 0-1

[Event "*** Titled Tuesday Blitz"]
[Site "Chess.com"]
[Date "2020.05.05"]
[Round "7"]
[White "Maghalashvili"]
[Black "Quaternitychess"]
[Result "0-1"]
[WhiteElo "2801"]
[BlackElo "2525"]
[TimeControl "180+1"]
[EndTime "11:17:06 PDT"]
[Termination "Quaternitychess won by resignation"]

1. Nf3 d5 2. g3 Nc6 3. d4 Bf5 4. Bg2 Nb4 5. Na3 e6 6. O-O h6 7. c3 Nc6 8. Nc2 Nf6 9. b3 Be7 10. Bb2 O-O 11. c4 a5 12. Nd2 Nb4 13. Ne3 Bh7 14. a3 Na6 15. Bc3 c6 16. Qc1 b5 17.
c5 b4 18. axb4 axb4 19. Bb2 Qc7 20. h3 Qb7 21. Ng4 Nc7 22. Ne5 Nb5 23. Rxa8 Rxa8 24. f4 Ra2 25. g4 Nd7 26. e4 Nxe5 27. fxe5 Bg5 28. exd5 exd5 29. Rf2 Be3 0-1

[Event "*** Titled Tuesday Blitz"]
[Site "Chess.com"]
[Date "2020.05.05"]
[Round "7"]
[White "korkmaz16"]
[Black "JozefKneht"]
[Result "1-0"]
[WhiteElo "2321"]
[BlackElo "2460"]
[TimeControl "180+1"]
[EndTime "11:17:07 PDT"]
[Termination "korkmaz16 won by resignation"]

1. e4 e5 2. Nc3 Nf6 3. f4 d5 4. fxe5 Nxe4 5. Qf3 f5 6. exf6 Nxf6 7. d4 Bd6 8. Bg5 O-O 9. Nxd5 Qe8+ 10. Be2 Ne4 11. Qe3 Qg6 12. Nf3 Rxf3 13. Bxf3 Nxg5 14. O-O Nxf3+ 15.
Qxf3 Nc6 16. Nxc7 h6 17. Nxa8 Nxd4 18. Qd5+ Kh7 19. Qxd4 Bh3 20. Qd5 Bd7 21. Qd3 1-0

[Event "*** Titled Tuesday Blitz"]
[Site "Chess.com"]
[Date "2020.05.05"]
[Round "7"]
[White "vovachesss"]
[Black "elsemenova"]
[Result "0-1"]
[WhiteElo "2551"]
[BlackElo "2411"]
[TimeControl "180+1"]
[EndTime "11:17:11 PDT"]
[Termination "elsemenova won by resignation"]

1. d4 d5 2. Nc3 e6 3. Bf4 Nf6 4. Nb5 Na6 5. e3 c6 6. Nc3 b5 7. Bd3 Bd6 8. Nf3 O-O 9. O-O Nb4 10. a3 Nxd3 11. cxd3 a5 12. Rc1 Ba6 13. Ne2 Rc8 14.
Bxd6 Qxd6 15. Ne5 Ne8 16. Rc5 f6 17. Nf3 Nc7 18. Qc2 Bb7 19. Rc1 Na6 20. Rc3 b4 21.
Rc5 Nxc5 22. dxc5 Qd7 23. axb4 axb4 24. Qb3 Ba6 25. Ra1 Ra8 26. Ra4 Bb5 27. Rxa8 Rxa8 28. Qxb4 Bxd3 29. Ned4 Ra1+ 30. Ne1 Qb7 31. Qd2 Qxb2 0-1

[Event "*** Titled Tuesday Blitz"]
[Site "Chess.com"]
[Date "2020.05.05"]
[Round "7"]
[White "MattyDPerrine"]
[Black "Lunow"]
[Result "0-1"]
[WhiteElo "2347"]
[BlackElo "2213"]
[TimeControl "180+1"]
[EndTime "11:17:11 PDT"]
[Termination "Lunow won on time"]

1. Nf3 c5 2. c4 Nc6 3. d4 cxd4 4. Nxd4 Nf6 5. Nc3 e6 6. g3 Qb6 7. Nc2 Ne5 8. Ne3 Bb4 9. Bg2 O-O 10. O-O Bxc3 11. bxc3 d6 12. Ba3 Rd8 13. Qd4 Qc7 14. Rfd1 Ne8 15. c5 d5 16. c4 Nc6 17. Qd2 d4 18.
Nc2 e5 19. e3 Bg4 20. Rdc1 Be6 21. Ne1 Nf6 0-1

[Event "*** Titled Tuesday Blitz"]
[Site "Chess.com"]
[Date "2020.05.05"]
[Round "7"]
[White "Sanyura"]
[Black "Vusatiuk_Vladimir"]
[Result "1-0"]
[WhiteElo "2489"]
[BlackElo "2341"]
[TimeControl "180+1"]
[EndTime "11:17:12 PDT"]
[Termination "Sanyura won by resignation"]

1. e4 c5 2. Nf3 Nc6 3. d4 cxd4 4.
Nxd4 e5 5. Nb5 d6 6. N1c3 a6 7. Na3 b5 8. Nd5 Nf6 9. Bg5 Be7 10. Bxf6 Bxf6 11. c3 O-O 12. Nc2 Bg5 13. a4 bxa4 14. Rxa4 a5 15. Bb5 Bd7 16. O-O Rb8 17. Qe2 Rxb5 18.
Qxb5 Nd4 19. Qxa5 Bxa4 20. Qxa4 Ne2+ 21. Kh1 f5 22. Qc4 Nc1 23. Nc7+ Kh8 24. Ne6 Qf6 25. Nxf8 Qxf8 26. exf5 h6 27. Ne3 d5 28. Qxd5 Ne2 29.
Qxe5 Nf4 30. h4 Nd3 31. Qd4 Bxe3 32. Qxd3 Bf4 33. g3 Qa8+ 34. Kh2 Be5 35. b4 Qc6 36. c4 Qf6 37. c5 Qxh4+ 38. Kg2 Qxb4 39. Qd5 Qc3 40.
c6 Bc7 41. Qd7 Qe5 42. Qe6 Qa5 43. Re1 1-0

[Event "*** Titled Tuesday Blitz"]
[Site "Chess.com"]
[Date "2020.05.05"]
[Round "7"]
[White "HouseOfDurin"]
[Black "coalescenet"]
[Result "0-1"]
[WhiteElo "1983"]
[BlackElo "2260"]
[TimeControl "180+1"]
[EndTime "11:17:12 PDT"]
[Termination "coalescenet won on time"]

1. d4 d5 2. Bg5 c5 3. c3 cxd4 4.
cxd4 Nc6 5. e3 Bf5 6. a3 f6 7.
Bh4 Qb6 8. b4 e6 9. Bd3 Nge7 10.
Ne2 Bxd3 11. Qxd3 Nf5 12. Bg3 Bd6 13. Bxd6 Nxd6 14. Nf4 Kf7 15. Nc3 a5 16. b5 Ne7 17.
O-O Rac8 18. Rfc1 Rc4 19. Nfe2 Ng6 20. e4 Nxb5 21. exd5 exd5 22. Nxd5 Rxc1+ 23. Rxc1 Qa6 24. Nec3 Nd6 0-1

[Event "*** Titled Tuesday Blitz"]
[Site "Chess.com"]
[Date "2020.05.05"]
[Round "7"]
[White "Jbd735"]
[Black "Eloist"]
[Result "1-0"]
[WhiteElo "2429"]
[BlackElo "2237"]
[TimeControl "180+1"]
[EndTime "11:17:14 PDT"]
[Termination "Jbd735 won by resignation"]

1. e4 e6 2. d4 d5 3. Nd2 Nf6 4. e5 Nfd7 5. Bd3 c5 6. c3 b6 7. f4 Ba6 8. Bxa6 Nxa6 9. Ngf3 g6 10. O-O h5 11. Ng5 Be7 12. Ndf3 c4 13. Qc2 Nc7 14. Nh4 Bxg5 15. fxg5 Qe7 16. Nxg6 fxg6 17. Qxg6+ Kd8 18. Rf7 Qe8 19. Qg7 Nb8 20. Rxc7 Rg8 21. Qh7 Rh8 22. Qf7 Na6 23. Rxa7 Qxf7 24. Rxf7 Nc7 25. g6 1-0

[Event "*** Titled Tuesday Blitz"]
[Site "Chess.com"]
[Date "2020.05.05"]
[Round "7"]
[White "mortngabriel"]
[Black "Kensei26"]
[Result "1-0"]
[WhiteElo "2443"]
[BlackElo "2154"]
[TimeControl "180+1"]
[EndTime "11:17:14 PDT"]
[Termination "mortngabriel won by resignation"]

1. e4 d6 2. d4 Nf6 3. Nc3 g6 4. Nf3 Bg7 5. Be3 O-O 6. Qd2 a6 7. Bh6 b5 8. Bd3 Nc6 9. e5 dxe5 10. dxe5 Ng4 11. Bxg7 Kxg7 12. Qf4 Ngxe5 13. Nxe5 Qd6 14. Nxg6 fxg6 15. Qe3 Bf5 16. O-O-O Bxd3 17. Rxd3 Qf4 18. Qxf4 Rxf4 19. f3 Rd4 20. Rxd4 Nxd4 21. Re1 Kf7 22. Ne4 h6 23. c3 Ne6 24. g3 c5 25. Rd1 b4 26. Rd7 bxc3 27. bxc3 Ke8 28. Rb7 Rd8 29. Kc2 c4 30. Rb6 Kf7 31. Rxa6 Rd3 32. Rxe6 Rxf3 33. Rc6 Re3 34. Rxc4 Re2+ 35. Kb3 Rxh2 36. a4 h5 37. a5 Ke6 38. a6 Kf5 39. a7 1-0

[Event "*** Titled Tuesday Blitz"]
[Site "Chess.com"]
[Date "2020.05.05"]
[Round "7"]
[White "EvgenyRomanov"]
[Black "TregubovP"]
[Result "0-1"]
[WhiteElo "2637"]
[BlackElo "2507"]
[TimeControl "180+1"]
[EndTime "11:17:15 PDT"]
[Termination "TregubovP won by resignation"]

1. c4 c5 2. Nf3 Nc6 3. d4 cxd4 4.
Nxd4 Nf6 5. Nc3 Qb6 6. Nb3 e6 7.
e4 Bb4 8. Qe2 d6 9. Bd2 a5 10. Na4 Qc7 11. f3 O-O 12. a3 Bxd2+ 13. Qxd2 Rd8 14. Qf4 Ne5 15. Rc1 Bd7 16. Nc3 Qb6 17. Nb5 Nxc4 18. Bxc4 Bxb5 19. Nd2 d5 20. Bxb5 Qxb5 21. Qe5 Rac8 22. Kf2 Qd3 23. Nb1 dxe4 24. Rxc8 Rxc8 25. Rc1 e3+ 26. Kg3 Qg6+ 27. Kh3 Qh6+ 28. Kg3 Nh5+ 29. Kh3 Nf4+ 30. Kg3 Ne2+ 0-1

[Event "*** Titled Tuesday Blitz"]
[Site "Chess.com"]
[Date "2020.05.05"]
[Round "7"]
[White "Kopytkin"]
[Black "PawnEatingZombie"]
[Result "0-1"]
[WhiteElo "2319"]
[BlackElo "2153"]
[TimeControl "180+1"]
[EndTime "11:17:15 PDT"]
[Termination "PawnEatingZombie won by resignation"]

1. e4 c6 2. d4 d5 3. e5 Bf5 4. c4 e6 5. Nc3 Nd7 6. Nf3 h6 7. b3 Ne7 8. Be2 Bh7 9. O-O Nf5 10.
Be3 Be7 11. c5 g5 12. b4 O-O 13. Bd3 f6 14. exf6 Bxf6 15. Bc2 Qe7 16. Re1 Rae8 17. h4 g4 18. Ne5 Nxe3 19. Rxe3 Bxc2 20. Qxg4+ Kh7 21.
f4 Bf5 22. Qh5 Rg8 23. Kf2 Bxe5 24. fxe5 Ref8 25. Kg1 Qf7 26. Qxf7+ Rxf7 27. b5 Rfg7 28. g3 Rxg3+ 0-1

[Event "*** Titled Tuesday Blitz"]
[Site "Chess.com"]
[Date "2020.05.05"]
[Round "7"]
[White "Saxar85"]
[Black "PavelChernomordik"]
[Result "1-0"]
[WhiteElo "2631"]
[BlackElo "2416"]
[TimeControl "180+1"]
[EndTime "11:17:17 PDT"]
[Termination "Saxar85 won by resignation"]

1. e4 g6 2. d4 Bg7 3. Nc3 d6 4. f4 a6 5. Nf3 b5 6. Bd3 Nd7 7.
O-O c5 8. dxc5 Nxc5 9. Be3 Nxd3 10. cxd3 Bb7 11. Qb3 Nf6 12. h3 Rb8 13. Ba7 Ra8 14.
Bd4 O-O 15. a4 Nh5 16. Bxg7 Kxg7 17. f5 Qb6+ 18. d4 Ng3 19. Rfe1 gxf5 20. Nd5 Bxd5 21. exd5 Ne4 22. Kh2 Rab8 23. Nh4 e6 24. dxe6 bxa4 25. Nxf5+ Kh8 26. Qxb6 Rxb6 27. e7 Re8 28. Rxe4 d5 29.
Re5 f6 30. Rxd5 Kg8 31. Rxa4 Kf7 32. Nd6+ Ke6 33. Nxe8 Kxe7 34. Ng7 Rxb2 35. Rxa6 Kf7 36. Nh5 1-0

[Event "*** Titled Tuesday Blitz"]
[Site "Chess.com"]
[Date "2020.05.05"]
[Round "7"]
[White "levallem"]
[Black "crossingthestreet"]
[Result "0-1"]
[WhiteElo "2117"]
[BlackElo "2283"]
[TimeControl "180+1"]
[EndTime "11:17:17 PDT"]
[Termination "crossingthestreet won by resignation"]

1. d4 Nf6 2. c4 e6 3. Nc3 c5 4. dxc5 Bxc5 5. e3 O-O 6. Nf3 d5 7. cxd5 exd5 8. Be2 Nc6 9. O-O Bg4 10. h3 Bh5 11.
Nb5 Re8 12. a3 Bb6 13. b3 Ne4 14. Bb2 Bg6 15. Nbd4 Qd6 16. Rc1 a6 17. b4 Bc7 18.
Qb3 Nxd4 19. Bxd4 Nd2 20. Rxc7 Nxb3 21. Rxb7 Nxd4 22. Nxd4 a5 23. Rb5 axb4 24. axb4 Rab8 25. Rxb8 Rxb8 26. b5 Qa3 27. Rd1 h6 28. Nc6 Rb6 29.
Rxd5 Qc1+ 30. Kh2 Be4 31. Nd8 Bxd5 0-1

[Event "*** Titled Tuesday Blitz"]
[Site "Chess.com"]
[Date "2020.05.05"]
[Round "7"]
[White "StegariuVlad"]
[Black "DenisQ"]
[Result "1-0"]
[WhiteElo "2542"]
[BlackElo "2654"]
[TimeControl "180+1"]
[EndTime "11:17:18 PDT"]
[Termination "StegariuVlad won by resignation"]

1. e4 c6 2. d4 d5 3. exd5 cxd5 4. Bd3 Nc6 5. c3 Nf6 6. h3 e5 7. dxe5 Nxe5 8. Nf3 Nxd3+ 9. Qxd3 Bc5 10. O-O O-O 11. Nbd2 Re8 12. Nb3 Bb6 13. Bg5 h6 14. Bh4 Qd6 15. Bg3 Qc6 16. Nbd4 Qc4 17. Qxc4 dxc4 18.
Rfe1 Bd7 19. Ne5 Bxd4 20. cxd4 Be6 21. f3 Rac8 22. Rac1 Red8 23. Bf2 b5 24. Ng4 Nd5 25. a3 Nf4 26. Red1 Nd3 27. Rc2 Bxg4 28. hxg4 a5 29. Re2 Rd7 30. Rc2 a4 31. Rxd3 1-0

[Event "*** Titled Tuesday Blitz"]
[Site "Chess.com"]
[Date "2020.05.05"]
[Round "7"]
[White "Zakaryan_David"]
[Black "swimmerchess"]
[Result "0-1"]
[WhiteElo "2557"]
[BlackElo "2726"]
[TimeControl "180+1"]
[EndTime "11:17:22 PDT"]
[Termination "swimmerchess won by resignation"]

1. d4 Nf6 2. c4 g6 3. Nc3 Bg7 4. e4 d6 5. Nf3 O-O 6. h3 e5 7. d5 Na6 8. Be3 Nh5 9. Nd2 Qe8 10. g3 f5 11. exf5 gxf5 12. Be2 Nf6 13. a3 c6 14. Qc2 Nc7 15. O-O-O cxd5 16. cxd5 Ncxd5 17. Bc4 Be6 18. Qb3 Rc8 19. Kb1 Nxc3+ 20. Qxc3 d5 21. Qxe5 dxc4 22. Nf3 Nd5 23. Qd6 Nxe3 24. fxe3 c3 25.
Rc1 cxb2 26. Rxc8 Bxc8 27. Ng5 h6 28. Qd5+ Kh8 29. h4 Qxe3 30. Rf1 Qxa3 0-1

[Event "*** Titled Tuesday Blitz"]
[Site "Chess.com"]
[Date "2020.05.05"]
[Round "7"]
[White "ajkom197"]
[Black "wild_cat99"]
[Result "0-1"]
[WhiteElo "2327"]
[BlackElo "2571"]
[TimeControl "180+1"]
[EndTime "11:17:23 PDT"]
[Termination "wild_cat99 won by resignation"]

1. c4 Nf6 2. g3 g6 3. Bg2 d5 4. cxd5 Nxd5 5. Qb3 Nb6 6. Qc3 f6 7. d4 Bg7 8. Nf3 O-O 9. O-O Be6 10. e4 f5 11.
exf5 Bxf5 12. Be3 Nc6 13. Ne5 Nxe5 14. dxe5 c6 15. Na3 Qc7 16. Qb3+ Kh8 17. f4 Rad8 18. Rad1 Rxd1 19. Rxd1 g5 20. fxg5 Qxe5 21. Bd4 Qe6 22.
Bxg7+ Kxg7 23. Qxe6 Bxe6 24. Re1 Bxa2 25. Rxe7+ Rf7 26. Rxf7+ Bxf7 27. Kf2 a5 28. h4 Na4 29. g4 Nxb2 30. Be4 Bd5 31. Bxd5 cxd5 32. h5 Nc4 33. Nxc4 dxc4 34. Ke3 b5 35. Kd4 a4 36. Kc3 a3 37.
Kc2 b4 38. Kb1 b3 39. Kc1 c3 0-1

[Event "*** Titled Tuesday Blitz"]
[Site "Chess.com"]
[Date "2020.05.05"]
[Round "7"]
[White "Aureliano-Buendia"]
[Black "RATNAKARAN"]
[Result "1-0"]
[WhiteElo "2411"]
[BlackElo "2555"]
[TimeControl "180+1"]
[EndTime "11:17:25 PDT"]
[Termination "Aureliano-Buendia won by resignation"]

1. d4 Nf6 2. c4 c5 3. d5 e6 4.
Nc3 exd5 5. cxd5 d6 6. g3 a6 7. a4 Bg4 8. Bg2 Nbd7 9. Nf3 Bxf3 10. Bxf3 h5 11. O-O h4 12. Bg5 hxg3 13. hxg3 Ne5 14. Kg2 Qd7 15. Rh1 Rxh1 16. Qxh1 Nxf3 17. exf3 O-O-O 18. Bxf6 gxf6 19. Qh7 Re8 20. Ne4 Re5 21. Nxf6 Qe7 22.
Ne4 Rxd5 23. Re1 f5 24. Qg8 Re5 25. Nxd6+ Qxd6 26. Rxe5 Qxe5 27. Qxf8+ Kc7 28. Qf7+ Kb6 29. b3 a5 30. Qc4 Ka7 31. g4 f4 32. Qb5 b6 33. Qd7+ Kb8 34. Qf7 Kc8 35. Qg6 Kc7 36.
Qe4 Qxe4 37. fxe4 b5 38. axb5 c4 39. bxc4 a4 40. b6+ Kxb6 41. g5 a3 42. g6 a2 43. g7 a1=Q 44. g8=Q f3+ 45. Kxf3 Qf6+ 46. Kg2 Qf4 47. Qg6+ Kb7 48. Qe6 Qg5+ 49. Kf3 Qh5+ 50. Ke3 Qg5+ 51. f4 Qg3+ 52. Kd4 Qxf4 53. Qd5+ Kc8 54.
Qf5+ 1-0

[Event "*** Titled Tuesday Blitz"]
[Site "Chess.com"]
[Date "2020.05.05"]
[Round "7"]
[White "Chepaschess"]
[Black "DrBergerBerger"]
[Result "1-0"]
[WhiteElo "2740"]
[BlackElo "2503"]
[TimeControl "180+1"]
[EndTime "11:17:26 PDT"]
[Termination "Chepaschess won by resignation"]

1. d4 d5 2. c4 dxc4 3. Nf3 Nf6 4. e3 e6 5. Bxc4 a6 6. O-O c5 7. Nc3 b5 8. Be2 Bb7 9. dxc5 Qxd1 10.
Rxd1 Bxc5 11. Nd2 Be7 12. Nb3 O-O 13. Na5 Ra7 14. a4 b4 15. Na2 Bd5 16. Bd2 b3 17. Nb4 Ne4 18. Nxd5 exd5 19. Be1 Bf6 20. Rab1 Nc5 21.
Bb4 Nxa4 22. Bxf8 Kxf8 23. Rxd5 Rc7 24. Nxb3 Nd7 25. Bxa6 Nxb2 26. Bb5 Nb6 27. Rd6 N6c4 28. Bxc4 Nxc4 29. Rdd1 1-0

[Event "*** Titled Tuesday Blitz"]
[Site "Chess.com"]
[Date "2020.05.05"]
[Round "7"]
[White "keepitcool9499"]
[Black "Volodar_Murzin"]
[Result "0-1"]
[WhiteElo "2469"]
[BlackElo "2646"]
[TimeControl "180+1"]
[EndTime "11:17:26 PDT"]
[Termination "Volodar_Murzin won by resignation"]

1. d4 Nf6 2. c4 g6 3. Nc3 Bg7 4. e4 O-O 5. Nge2 d6 6. f3 e5 7. Be3 Nc6 8. Qd2 Re8 9. d5 Nb8 10. c5 Nbd7 11. cxd6 cxd6 12. Nb5 Nb6 13. Nec3 a6 14.
Na3 Nh5 15. Bd3 Nf4 16. O-O Nd7 17. Rfc1 Nc5 18. Bf1 b5 19. Nc2 Bd7 20. Nb4 Rc8 21. a4 Nb3 22. Qd1 Nxa1 23. Rxa1 a5 24. Nd3 b4 25.
Nb5 Qe7 26. Rc1 Bh6 27. Nxf4 Bxf4 28. Bxf4 exf4 29. b3 Qe5 30. Rxc8 Rxc8 31. Bc4 Kf8 32. Nd4 Bxa4 33. h3 Rxc4 34. bxa4 Qxd4+ 0-1

[Event "*** Titled Tuesday Blitz"]
[Site "Chess.com"]
[Date "2020.05.05"]
[Round "7"]
[White "NefeLV"]
[Black "KerryStead"]
[Result "0-1"]
[WhiteElo "1782"]
[BlackElo "2154"]
[TimeControl "180+1"]
[EndTime "11:17:28 PDT"]
[Termination "KerryStead won on time"]

1. c4 g6 2. d4 Bg7 3. Nc3 c5 4. Nf3 Nc6 5. d5 Nd4 6. Nxd4 Bxd4 7. e3 Bxc3+ 8. bxc3 f5 9. Bd3 Nf6 10.
O-O d6 11. f3 Qa5 12. Qc2 Bd7 13. e4 fxe4 14. fxe4 O-O-O 15. e5 Ng4 16. e6 Ba4 17. Qb2 Rdf8 18. Bg5 Nf6 19. Rab1 Qa6 20. Qa3 Nxd5 21. Rxf8+ Rxf8 22. cxd5 Qxd3 23. Rc1 Bb5 24. h4 Qxd5 25.
Bxe7 Re8 0-1

[Event "*** Titled Tuesday Blitz"]
[Site "Chess.com"]
[Date "2020.05.05"]
[Round "7"]
[White "turayev_shahruh17"]
[Black "platy3"]
[Result "0-1"]
[WhiteElo "2543"]
[BlackElo "2714"]
[TimeControl "180+1"]
[EndTime "11:17:29 PDT"]
[Termination "platy3 won by resignation"]

1. e4 e5 2. Nc3 Nc6 3. Bc4 Nf6 4. d3 Bb4 5. Ne2 h6 6. O-O O-O 7. f4 d6 8. f5 Na5 9. Bb3 Nxb3 10. axb3 d5 11. exd5 Nxd5 12. Nxd5 Qxd5 13. f6 Bc5+ 14. Kh1 Bh3 15. Rf3 Bxg2+ 16. Kxg2 e4 17. Rg3 exd3+ 18. Kh3 Qf5+ 19. Kg2 Qf2+ 20.
Kh3 dxe2 21. Qd3 Qf1+ 22. Kh4 Qxf6+ 23. Kh3 e1=Q 24. Bxh6 Qxh6+ 0-1

[Event "*** Titled Tuesday Blitz"]
[Site "Chess.com"]
[Date "2020.05.05"]
[Round "7"]
[White "BvsN"]
[Black "gurelediz"]
[Result "1-0"]
[WhiteElo "2394"]
[BlackElo "2561"]
[TimeControl "180+1"]
[EndTime "11:17:29 PDT"]
[Termination "BvsN won by resignation"]

1. d4 Nf6 2. c4 e6 3. Nc3 Bb4 4. f3 d5 5. a3 Be7 6. e4 dxe4 7. fxe4 e5 8. d5 Bc5 9. Nf3 Bg4 10. h3 Bxf3 11.
Qxf3 Bd4 12. Bd2 a5 13. O-O-O Nbd7 14. Bd3 Nc5 15. Bc2 c6 16. Ne2 cxd5 17. cxd5 Rc8 18. Nxd4 exd4 19. Kb1 Nfd7 20. Bf4 O-O 21. Rhf1 Qf6 22.
e5 Nxe5 23. Bxh7+ Kxh7 24. Qh5+ Kg8 25. Bxe5 Qa6 26. Rf4 Nd3 27. Bxg7 Kxg7 28. Rg4+ Qg6 29. Rxd3 1-0

[Event "*** Titled Tuesday Blitz"]
[Site "Chess.com"]
[Date "2020.05.05"]
[Round "7"]
[White "S-Fazulyanov"]
[Black "Aleksandar-Topalov"]
[Result "0-1"]
[WhiteElo "2539"]
[BlackElo "2403"]
[TimeControl "180+1"]
[EndTime "11:17:29 PDT"]
[Termination "Aleksandar-Topalov won by resignation"]

1. e4 e6 2. d4 d5 3. e5 Qd7 4. c3 Ne7 5. Bd3 b6 6. f4 h5 7. Nf3 g6 8. a4 Ba6 9. Bxa6 Nxa6 10.
Qd3 Nb8 11. a5 Nbc6 12. axb6 cxb6 13. b4 Nf5 14. Nbd2 Be7 15. Nf1 Kf8 16. g3 Kg7 17. h3 a5 18. bxa5 Nxa5 19. Rh2 Nc4 20. Rha2 Qb7 21.
Qb1 h4 22. g4 Ng3 23. f5 gxf5 24. Nxg3 hxg3 25. gxf5 exf5 26. Qxf5 Rxa2 27. Rxa2 b5 28. Rg2 b4 29. Rxg3+ Kf8 30. e6 Bd6 31. Rg6 b3 32.
Rf6 Bg3+ 33. Kf1 Nd6 34. Ba3 Qa6+ 35. Kg2 Qxa3 36. Rxf7+ Ke8 37. Qf6 Qb2+ 38. Kxg3 Rg8+ 39. Ng5 Qxc3+ 40. Kg4 Rxg5+ 41. Kxg5 Ne4+ 42. Kg4 Nxf6+ 43. Kg5 0-1

[Event "*** Titled Tuesday Blitz"]
[Site "Chess.com"]
[Date "2020.05.05"]
[Round "7"]
[White "zala02"]
[Black "djano"]
[Result "0-1"]
[WhiteElo "2266"]
[BlackElo "2434"]
[TimeControl "180+1"]
[EndTime "11:17:29 PDT"]
[Termination "djano won by resignation"]

1. d4 d5 2. c4 c6 3. Nf3 Nf6 4. e3 a6 5. Bd3 Bg4 6. h3 Bh5 7. O-O e6 8. b3 Nbd7 9. Bb2 Bd6 10.
Nbd2 O-O 11. e4 dxe4 12. Nxe4 Nxe4 13. Bxe4 Nf6 14. Bc2 Qe7 15. Rc1 Ba3 16. Bxa3 Qxa3 17. Bb1 Rad8 18. g4 Bg6 19. Bxg6 hxg6 20. Qe2 c5 21.
Rcd1 cxd4 22. Nxd4 Rd7 23. Rd2 Rfd8 24. Rfd1 Rd6 25. Kg2 Qc5 26. Nf3 Rxd2 27. Rxd2 Rd7 28.
Rxd7 Nxd7 29. Qd2 Qc6 30. Kg3 f6 31. Nh4 Kf7 32. f4 Nc5 33. Qc2 Ne4+ 34. Kh2 f5 35. gxf5 gxf5 36. Qg2 Qd6 37. Qg6+ Kf8 38. Ng2 Nf6 39.
Qg5 Kf7 40. h4 Qd1 41. Kh3 Qh1+ 42. Kg3 Ne4+ 0-1

[Event "*** Titled Tuesday Blitz"]
[Site "Chess.com"]
[Date "2020.05.05"]
[Round "7"]
[White "Djager97"]
[Black "SketchyMoves"]
[Result "0-1"]
[WhiteElo "2472"]
[BlackElo "2626"]
[TimeControl "180+1"]
[EndTime "11:17:30 PDT"]
[Termination "SketchyMoves won by resignation"]

1. e4 e6 2. d4 d5 3. Nc3 Nc6 4. Nf3 Nf6 5. e5 Ne4 6. Bd3 Bb4 7. Bd2 Nxd2 8. Qxd2 Bd7 9. O-O O-O 10. a3 Ba5 11. b4 Bb6 12. Ne2 f6 13. exf6 Qxf6 14.
Bb5 Nb8 15. Bxd7 Nxd7 16. Ng3 c6 17. Rae1 Rae8 18. c3 e5 19. dxe5 Nxe5 20. Nd4 Nc4 21. Qa2 Bxd4 22. cxd4 Qxd4 23. Re2 Rxe2 24. Qxe2 Qf6 25.
a4 Ne5 26. h3 Ng6 27. Re1 Nf4 28. Qe3 d4 29. Qd2 d3 30. f3 Qg5 31. Kh2 h5 32. Ne4 Qe5 33. g3 Ne2 34. Qxd3 Nxg3 35. Nxg3 Qxe1 36. Qc4+ Kh8 37. Qh4 Qf2+ 38. Kh1 Qxf3+ 39.
Kh2 Qf2+ 40. Kh1 Qe1+ 0-1

[Event "*** Titled Tuesday Blitz"]
[Site "Chess.com"]
[Date "2020.05.05"]
[Round "7"]
[White "archess2"]
[Black "enriquetejedor"]
[Result "1-0"]
[WhiteElo "2278"]
[BlackElo "2447"]
[TimeControl "180+1"]
[EndTime "11:17:30 PDT"]
[Termination "archess2 won on time"]

1. d4 e6 2. c4 d5 3. Nc3 Nf6 4.
cxd5 exd5 5. Bg5 c6 6. e3 Nbd7 7. Qc2 Be7 8. Bd3 Nf8 9. Nf3 g6 10. h3 Ne6 11. Bh6 Ng8 12. Bf4 Nxf4 13. exf4 Nh6 14.
O-O O-O 15. Rab1 Bf5 16. b4 a6 17. a4 Bxd3 18. Qxd3 Nf5 19. Rfe1 Re8 20. b5 axb5 21.
axb5 Rc8 22. bxc6 bxc6 23. Rb7 Bf8 24. Rxe8 Qxe8 25. Ne5 Nd6 26. Ra7 Ra8 27. Qa6 Rxa7 28. Qxa7 f6 29. Nf3 Qe7 30. Qb6 Qd7 31. Na4 Nc4 32.
Qb8 Kg7 33. Nc5 Bxc5 34. dxc5 h6 35. Nd4 Nd2 36. f3 Nc4 37. Qa8 1-0

[Event "*** Titled Tuesday Blitz"]
[Site "Chess.com"]
[Date "2020.05.05"]
[Round "7"]
[White "francyIM"]
[Black "thedjoker98"]
[Result "1-0"]
[WhiteElo "2643"]
[BlackElo "2492"]
[TimeControl "180+1"]
[EndTime "11:17:33 PDT"]
[Termination "francyIM won by resignation"]

1. d4 d5 2. c4 c6 3. Nf3 Nf6 4. e3 Bg4 5. Nc3 e6 6. Qb3 Qb6 7. Nh4 Be7 8. h3 Bh5 9. g4 Bg6 10. Nxg6 hxg6 11. Bg2 g5 12. Bd2 Nbd7 13. Qa4 Qb4 14.
cxd5 Qxa4 15. Nxa4 exd5 16. f3 Nb6 17. Nxb6 axb6 18.
e4 dxe4 19. fxe4 Nh7 20. Bc3 Nf8 21. a3 Ng6 22. O-O-O Nf4 23. Bf1 O-O-O 24. Rh2 Rh6 25. Rhd2 Nxh3 26. d5 Nf4 27. Bxg7 Rh1 28. Be5 Bc5 29.
Kb1 Be3 30. Rc2 Re8 31. Bxf4 Bxf4 32. dxc6 Rh2 33. cxb7+ Kxb7 34. Rd7+ Kb8 35. Rc6 Rh1 36. Rxb6+ Kc8 37. Rd1 Rd8 38. Ba6+ Kc7 39. Rb7+ 1-0

[Event "*** Titled Tuesday Blitz"]
[Site "Chess.com"]
[Date "2020.05.05"]
[Round "7"]
[White "Dumbo32"]
[Black "emperor87"]
[Result "0-1"]
[WhiteElo "2377"]
[BlackElo "2576"]
[TimeControl "180+1"]
[EndTime "11:17:33 PDT"]
[Termination "emperor87 won on time"]

1. e4 c5 2. Nf3 d6 3. Bb5+ Nd7 4. O-O a6 5. Bc4 e6 6. c3 Ngf6 7. Re1 b5 8. Bf1 Bb7 9. d3 Be7 10. a4 O-O 11. Nbd2 Qc7 12. d4 d5 13. e5 Ne4 14.
axb5 Nxd2 15. Bxd2 axb5 16. Bxb5 c4 17. Ba4 Bc6 18. Bc2 Rfb8 19. Rxa8 Rxa8 20. h4 Qb7 21. Bc1 Nf8 22. h5 h6 23. Nh2 Ra1 24. f4 Bh4 25.
Rf1 Bg3 26. Ng4 Qe7 27. f5 Qh4 28. Qf3 exf5 29. Qxf5 Be8 30. Be3 Rxf1+ 31. Kxf1 Bd7 0-1

[Event "*** Titled Tuesday Blitz"]
[Site "Chess.com"]
[Date "2020.05.05"]
[Round "7"]
[White "AthanasiusLefebvre"]
[Black "googlegoom"]
[Result "1-0"]
[WhiteElo "2129"]
[BlackElo "2433"]
[TimeControl "180+1"]
[EndTime "11:17:33 PDT"]
[Termination "AthanasiusLefebvre won by resignation"]

1. Nf3 d5 2. g3 Nf6 3. Bg2 e6 4. O-O Be7 5. d3 b6 6. c4 Bb7 7. Nc3 O-O 8. Rb1 c5 9. a3 d4 10. Na4 Nc6 11. Re1 Qc7 12. Bd2 Bd6 13. b4 Rad8 14.
bxc5 Bxc5 15. Nxc5 bxc5 16. Rb5 Qe7 17. Ne5 Nxe5 18.
Rxb7 Rd7 19. Qb3 Rxb7 20. Qxb7 Qxb7 21. Bxb7 Rb8 22. Bg2 Rb3 23. Bf4 Ned7 24. Ra1 e5 25.
Bg5 h6 26. Bc1 Nb6 27. a4 a5 28. Bd2 Rb2 29. Bxa5 Nc8 30. Bf3 g5 31. h3 h5 32.
Bd8 g4 33. hxg4 hxg4 34. Bg2 Nd7 35. a5 Rxe2 36. a6 Na7 37. Rb1 Ra2 38. Rb7 Rxa6 39.
Rxd7 Nc6 40. Bf6 Kh7 41. Be4+ Kg8 42. Rc7 1-0